 Dungeon Crawl Stone Soup version 0.28.0-53-g5a82cb258f (webtiles) character file.

Game seed: 13349147436605218265

2622 Eitelfritz the Cleaver (level 9, -7/78 HPs)
             Began as a Hill Orc Fighter on July 15, 2022.
             Was an Elder of Zin.
             Killed from afar by an electric eel (8 damage)
             ... with a bolt of electricity
             ... on level 7 of the Dungeon.
             The game lasted 00:17:04 (6991 turns).

Eitelfritz the Cleaver (Hill Orc Fighter)           Turns: 6991, Time: 00:17:05

Health: -7/78      AC: 16    Str: 25    XL:     9   Next: 60%
Magic:  13/13      EV:  7    Int:  8    God:    Zin [****..]
Gold:   396        SH: 10    Dex:  9    Spells: 8/8 levels left

rFire   . . .      SeeInvis .   a - +1 war axe (venom)
rCold   + + +      Faith    .   c - +0 buckler
rNeg    . . .      Spirit   .   o - +0 plate armour
rPois   .          Reflect  +   (no helmet)
rElec   .          Harm     .   (no cloak)
rCorr   +          Rampage  .   q - +0 pair of gloves
Will    .....                   i - +1 pair of boots
Stlth   ..........              e - amulet of reflection
HPRegen 0.23/turn               f - ring "Loodaeto" {rC+++ rCorr Str+4 Dex-3 Stlth+}
MPRegen 0.13/turn               (no ring)

@: studying Crossbows
A: no striking features
a: Renounce Religion, Recite, Vitalisation, Imprison, Donate Gold


You were on level 7 of the Dungeon.
You worshipped Zin.
Zin was greatly pleased with you.
You visited 2 branches of the dungeon, and saw 8 of its levels.
You also visited: Sewer.

You collected 439 gold pieces.
You donated 43 gold pieces to Zin.

Inventory:

Hand Weapons
 a - a +1 war axe of venom (weapon)
 g - a +0 war axe
Missiles
 p - 5 boomerangs
 t - 12 poisoned darts (quivered)
Armour
 c - a +0 buckler (worn)
 i - a +1 pair of boots (worn)
 o - a +0 plate armour (worn)
 q - a +0 pair of gloves (worn)
Jewellery
 e - an amulet of reflection (around neck)
 f - the ring "Loodaeto" (left hand) {rC+++ rCorr Str+4 Dex-3 Stlth+}
   (You found it on level 5 of the Dungeon)

   [ring of resist corrosion]

   Str:       It affects your strength (+4).
   Dex:       It affects your dexterity (-3).
   rC:        It renders you almost immune to cold.
   rCorr:     It protects you from acid and corrosion.
   Stlth:     It makes you more stealthy.
 m - a ring of willpower
 u - a ring of poison resistance
Scrolls
 j - a scroll of fear {unknown}
 k - a scroll of identify
 l - a scroll of brand weapon
 r - a scroll of immolation
 v - a scroll of teleportation
 x - a scroll of noise {unknown}
 y - a scroll of summoning
 z - 2 scrolls of blinking {unknown}
Potions
 b - a potion of berserk rage {unknown}
 d - a potion of might
 h - a potion of flight
 n - 2 potions of heal wounds
 s - 2 potions of resistance
 w - a potion of mutation {unknown}
 A - a potion of haste {unknown}
 B - a potion of magic {unknown}
 C - a potion of attraction {unknown}


   Skills:
 + Level 6.8 Fighting
 + Level 11.0 Axes
 + Level 6.3 Armour
 + Level 1.0 Dodging
 + Level 5.6 Shields
 * Level 6.6 Invocations


You had 8 spell levels left.
You didn't know any spells.
Your spell library contained the following spells:

 Spells                   Type           Power      Damage    Failure   Level
 Sting                    Tmut/Pois      0%         1d3       100%        1
 Corpse Rot               Necr/Air       0%         N/A       100%        2
 Dazzling Flash           Conj/Hex       0%         N/A       100%        3
 Dispel Undead            Necr           0%         3d6       100%        4
 Iskenderun's Mystic Bla  Conj/Tloc      0%         2d3       100%        4
 Death Channel            Necr           0%         N/A       100%        6
 Starburst                Conj/Fire      0%         6d3       100%        6


Dungeon Overview and Level Annotations

Branches:
Dungeon (7/15)             Temple (1/1) D:4           Sewer (visited)

Altars:
Cheibriados
Elyvilon
Gozag
Hepliaklqana
Kikubaaqudgha
Makhleb
Nemelex Xobeh
Ru
Sif Muna
Trog
Uskayaw
Vehumet
Wu Jian
Xom
Yredelemnul
Zin
The Shining One
Lugonu

Shops:
D:1 (

Annotations:
D:3 1 runed translucent door


Message History

You are ready to recite again.
HP restored.
The electric eel shoots out a bolt of lightning at you!
The bolt of electricity misses you. The bolt of electricity hits you.
Items here: ))) [[ ÷ ††.
The electric eel shoots out a bolt of lightning at you!
The bolt of electricity hits you. The bolt of electricity misses you.
The bolt of electricity hits the electric eel.
The electric eel completely resists.
The electric eel shoots out a bolt of lightning at you!
The bolt of electricity hits you.
You enter the shallow water.
Moving in this stuff is going to be slow.
The electric eel shoots out a bolt of lightning at you!
The bolt of electricity misses you. The bolt of electricity hits you!
The electric eel shoots out a bolt of lightning at you!
The bolt of electricity hits you!
The electric eel shoots out a bolt of lightning at you!
The bolt of electricity hits you.
Your unstable footing causes you to fumble your attack.
The electric eel shoots out a bolt of lightning at you!
The bolt of electricity hits you!
The electric eel shoots out a bolt of lightning at you!
The bolt of electricity hits you!
The electric eel shoots out a bolt of lightning at you!
The bolt of electricity hits you! x2
* * * LOW HITPOINT WARNING * * *
The bolt of electricity hits the electric eel.
The electric eel completely resists.
The electric eel shoots out a bolt of lightning at you!
The bolt of electricity hits you!
* * * LOW HITPOINT WARNING * * *
The electric eel shoots out a bolt of lightning at you!
The bolt of electricity hits you!
* * * LOW HITPOINT WARNING * * *
The bolt of electricity hits you but does no damage.
The bolt of electricity misses the electric eel.
The electric eel shoots out a bolt of lightning at you!
The bolt of electricity hits you!
You die...

#.....$.....≈≈w≈#≈≈.##
#.......#.≈≈≈#≈≈≈≈≈≈≈##
#####......#≈≈≈≈≈≈.[≈≈S≈≈#
.........##.≈≈≈≈≈.[.≈≈≈≈#.
#####.#....≈≈≈≈S≈≈..≈≈≈S≈≈
#.#(##≈≈≈≈≈≈≈≈.≈≈≈≈#≈≈
##.#)##≈≈≈≈≈S≈...≈o≈≈≈w
##...)#..≈≈≈≈≈≈.<.≈#≈≈≈≈
#<.....@≈≈≈≈≈≈≈.).≈≈≈≈≈≈
##....##≈≈S#≈#≈≈.≈≈≈≈≈≈≈
##.#)###S#S≈≈w#.≈≈#≈≈w≈
###.# .≈#≈≈w$[#.≈≈≈#. #.#
#w≈≈≈≈...≈≈≈≈# #..
..≈≈≈≈≈S≈≈w≈≈# ...
....≈≈≈≈≈≈≈.## ### ...≈≈
###.#


You could see 5 electric eels and 3 dart slugs.

Vanquished Creatures
  Grinder (D:6)
  3 yaks (D:6)
  Menkaure (D:6)
  A water moccasin (D:5)
  An ice beast (D:6)
  An orc warrior (D:6)
  A sky beast (D:6)
  A black bear (D:5)
  The ghost of crawlogic the Chopper, an amateur HOFi (D:3)
  2 ogres
  2 phantoms
  2 bullfrogs (Sewer)
  A howler monkey (D:5)
  2 centaur zombies
  2 hounds
  A jelly (D:3)
  2 orc priests
  A bullfrog skeleton (D:6)
  2 iguanas
  4 orc wizards
  16 adders
  6 gnolls
  6 river rats
  2 ufetubi (D:6)
  2 worms (D:3)
  6 dart slugs
  16 orcs
  4 bats
  10 endoplasms
  3 giant cockroaches
  9 goblins
  5 hobgoblins
  4 jackals (D:4)
  8 kobolds
  12 quokkas
  15 ball pythons
  6 frilled lizards
  31 rats
193 creatures vanquished.

Notes
Turn   | Place    | Note
-------+----------+-------------------------------------------
     0 | D:1      | Eitelfritz the Hill Orc Fighter began the quest for the
                  | Orb.
     0 | D:1      | Reached XP level 1. HP: 19/19 MP: 1/1
    57 | D:1      | Reached XP level 2. HP: 25/27 MP: 2/2
    89 | D:1      | Reached skill level 3 in Axes
   277 | D:1      | Found Giesk's Weapon Shop.
   350 | D:1      | Reached XP level 3. HP: 33/33 MP: 3/3
   896 | D:2      | Found a faded altar of an unknown god.
   900 | D:2      | Got Plato's Volume of Envenoming
  1453 | D:3      | Reached XP level 4. HP: 39/41 MP: 4/4
  1683 | D:3      | Reached skill level 4 in Axes
  1699 | D:3      | Reached XP level 5. HP: 22/45 MP: 5/5
  2158 | D:3      | Found a runed translucent door.
  2160 | D:3      | Noticed crawlogic's ghost (amateur HOFi)
  2180 | D:3      | Found a snail-covered altar of Cheibriados.
  2295 | D:3      | Found a burning altar of Makhleb.
  2616 | D:3      | Found a runed translucent door.
  2714 | D:3      | Reached skill level 5 in Axes
  2776 | D:4      | Noticed an ogre
  2788 | D:4      | Killed an ogre
  2789 | D:4      | Reached skill level 5 in Fighting
  2789 | D:4      | Reached XP level 6. HP: 36/56 MP: 6/6
  2903 | D:4      | Found a bloodstained altar of Trog.
  2947 | D:4      | Found a staircase to the Ecumenical Temple.
  2997 | D:4      | Reached skill level 6 in Axes
  3023 | Temple   | Entered the Ecumenical Temple
  3054 | Temple   | Became a worshipper of Zin the Law-Giver
  3054 | Temple   | Reached * piety under Zin
  3140 | D:4      | Found a hazy altar of Hepliaklqana.
  3179 | D:4      | Reached skill level 1 in Invocations
  3665 | D:4      | Reached XP level 7. HP: 61/61 MP: 8/8
  3825 | D:5      | Entered Level 5 of the Dungeon
  3834 | D:5      | Found a basalt altar of Yredelemnul.
  3904 | D:5      | Identified the ring "Loodaeto" {rC+++ rCorr Str+4 Dex-3
                  | Stlth+}
  3958 | D:5      | Found an ornate altar of the Wu Jian Council.
  3980 | D:5      | Reached skill level 7 in Axes
  4098 | D:5      | Found an opulent altar of Gozag.
  4149 | D:5      | Found a hide-covered altar of Uskayaw.
  4376 | D:5      | Reached ** piety under Zin
  4415 | D:5      | Reached *** piety under Zin
  4816 | D:6      | Noticed Menkaure
  4823 | D:6      | Killed Menkaure
  4824 | D:6      | Reached skill level 8 in Axes
  4824 | D:6      | Reached skill level 5 in Armour
  4824 | D:6      | Reached XP level 8. HP: 47/69 MP: 10/10
  4856 | D:6      | Noticed Grinder
  4863 | D:6      | Paralysed by Grinder for 5 turns
  4875 | D:6      | Paralysed by Grinder for 6 turns
  4882 | D:6      | Zin protects you from harm!
  4885 | D:6      | Killed Grinder
  5031 | D:6      | Reached **** piety under Zin
  5045 | D:6      | Noticed a yak
  5045 | D:6      | Noticed a yak
  5045 | D:6      | Noticed a yak
  5064 | D:6      | Killed a yak
  5065 | D:6      | Reached skill level 9 in Axes
  5065 | D:6      | Reached skill level 1 in Dodging
  5065 | D:6      | Reached skill level 5 in Shields
  5069 | D:6      | Killed a yak
  5070 | D:6      | Reached skill level 5 in Invocations
  5081 | D:6      | Killed a yak
  5082 | D:6      | Reached XP level 9. HP: 33/77 MP: 12/12
  5086 | D:6      | Found a glowing golden altar of the Shining One.
  5224 | D:6      | Found a glowing drain.
  5242 | Sewer    | Entered a sewer
  5303 | Sewer    | Reached skill level 10 in Axes
  6233 | D:3      | Killed crawlogic's ghost
  6484 | D:6      | Reached skill level 11 in Axes
  6991 | D:7      | HP: 1/78 [electric eel/bolt of electricity (8)]
  6991 | D:7      | Killed from afar by an electric eel

Illustrated notes

Levels and vault maps discovered:
D:1:      psy_arrival_terrarium, layout_rooms, serial_shops,
          nicolae_square_shop, minmay_three_crescents
D:2:      layout_loops_ring, shapermc_ecumenical_altar_rom_forum,
          minmay_strange_pillars, kennysheep_generic_room_11
D:3:      layout_loops_ring, mainiacjoe_overflow_boulevard, bloody_makhleb,
          ebering_ghost_sewer_f, minmay_misc_feat_roman
D:4:      layout_rooms, mainiacjoe_overflow_alcove_1,
          mainiacjoe_overflow_alcove_4, temple_pool_b, grunt_ministairs_15,
          dk_noncrumbling_3
D:5:      layout_basic, nzn_wu_jian_council_hall,
          nicolae_gozag_cash_rules_everything_around_me, amcnicky_altar_gilded,
          yredelemnul_altar_generic
D:6:      layout_basic, kennysheep_mini_moat, portal_sewer_entry_f,
          minmay_manual_maat, uniq_grinder, uniq_menkaure
D:7:      kennysheep_slugbush, layout_loops_ring, ashenzari_altar_1,
          grunt_temple_overflow_open
Temple:   corrupted_temple

Skill      XL: |  1  2  3  4  5  6  7  8  9 |
---------------+----------------------------+-----
Axes           | 3 4 5 6 8 9 11 | 11.0
Fighting       | 4 5 6 |  6.8
Armour         | 4 5 6 |  6.3
Shields        | 4 5 |  5.6
Invocations    | 1 3 5 6 |  6.6
Dodging        | 1 |  1.0

Action                   |  1- 3 |  4- 6 |  7- 9 || total
-------------------------+-------+-------+-------++-------
Melee: War axe           |   100 |   168 |   295 ||   563
Invok: Recite            |       |     1 |     3 ||     4
  Use: Scroll            |       |       |    13 ||    13
       Potion            |       |       |     3 ||     3
 Stab: Invisible         |       |       |     1 ||     1
Armor: Scale mail        |    10 |       |       ||    10
       Chain mail        |    44 |    98 |       ||   142
       Plate armour      |       |       |   160 ||   160
Dodge: Dodged            |    53 |    61 |    85 ||   199
Block: Buckler           |    59 |    84 |   134 ||   277
       Reflection        |     1 |       |     2 ||     3
